 Dungeon Crawl Stone Soup version 0.17.0-25-gefc9c12 (console) character file.

13249 gw the Cleaver (level 11, -1/150 HPs)
             Began as a Deep Dwarf Summoner on Nov 19, 2015.
             Was an Elder of the Shining One.
             Killed from afar by a wretched star (9 damage)
             ... with an orb of energy
             ... on level 1 of the Abyss.
             The game lasted 00:16:06 (7669 turns).

gw the Cleaver (Deep Dwarf Summoner)                Turns: 7669, Time: 00:16:06

Health: -1/150     AC: 23    Str: 12 (13) XL:     11   Next: 73%
Magic:  0/0        EV: 10    Int: 10 (14) God:    the Shining One [****..]
Gold:   464        SH:  0    Dex: 16      Spells: 0 memorised, 13 levels left

rFire  . . .     SeeInvis +     a - +3 broad axe (flame)
rCold  . . .     Rnd*Rage +     r - +0 plate armour
rNeg   + + .     SustAt   .     (no shield)
rPois  .         Gourm    .     j - +2 helmet
rElec  .         Spirit   .     e - +2 cloak
rCorr  .         Warding  .     G - +1 pair of gloves
rMut   .         Stasis   .     (no boots)
MR     +....                    (no amulet)
Stlth  ..........               J - +6 ring of evasion
                                m - ring of see invisible

@: berserking, non-regenerating, glowing, very quick, somewhat resistant to
hostile enchantments, extremely unstealthy
A: damage resistance, recharge devices, berserk 2, blurry vision 3,
deterioration 2, dopey 1, low mp 2, sense surroundings 2, screaming 1, slow
regeneration 3, weak 2, MP-powered wands
a: Device Recharging, Divine Shield, Cleansing Flame, Renounce Religion


You were on level 1 of the Abyss.
You worshipped the Shining One.
The Shining One was greatly pleased with you.
You were not hungry.

You visited 1 branch of the dungeon, and saw 9 of its levels.
You visited the Abyss 1 time.
You also visited: Sewer.

You collected 464 gold pieces.

Inventory:

Hand Weapons
 a - a +3 broad axe of flaming (weapon)
 b - a +0 hand crossbow
Missiles
 y - 2 bolts of penetration
 A - 49 bolts
Armour
 e - a +2 cloak (worn)
 j - a +2 helmet (worn)
 r - a +0 plate armour (worn)
 G - a +1 pair of gloves (worn)
Jewellery
 m - a ring of see invisible (left hand)
 J - a +6 ring of evasion (right hand)
Wands
 c - a wand of heal wounds (0)
 t - a wand of digging (14)
 C - a wand of flame (10)
 P - a wand of slowing (25)
Scrolls
 h - 10 scrolls of identify
 E - 2 scrolls of noise
 L - 2 scrolls of remove curse
Potions
 i - 3 potions of curing
Books
 O - a book of Callings

   Spells                             Type                      Level
   a - Summon Small Mammal            Summoning                    1
   b - Call Imp                       Summoning                    2
   c - Call Canine Familiar           Summoning                    3
   d - Summon Guardian Golem          Hexes/Summoning              3
   e - Summon Lightning Spire         Summoning/Air                4
   f - Summon Ice Beast               Ice/Summoning                4
Comestibles
 d - 7 bread rations
 f - 15 fruits
 l - 11 meat rations
 q - a beef jerky
 K - 6 slices of pizza


   Skills:
 + Level 7.5 Fighting
 * Level 12.5 Axes
 + Level 4.8 Crossbows
 + Level 9.0 Armour
 - Level 2.1 Dodging
 - Level 2.4 Stealth
 - Level 1.7 Spellcasting
   Level 3.6 Summonings
 + Level 10.4 Invocations
 - Level 1.5 Evocations


You had 13 spell levels left.
You didn't know any spells.

Dungeon Overview and Level Annotations

Branches:
Dungeon (9/15)             Temple (0/1) D:5             Orc (0/4) D:9
   Lair: D:8-11

Altars:
Cheibriados
Fedhas
Makhleb
Qazlal
The Shining One

Shops:
D:6 ?(!


Innate Abilities, Weirdness & Mutations

You are resistant to damage.
You can recharge devices by infusing magical energy.
You passively map the area around you.
You do not regenerate naturally.
[You often lose your temper in combat.]
[Scrolls take you much longer to read.]
[Your body often deteriorates upon taking damage.]
[You are dopey. (Int -2)]
[Your magical capacity is very low (-20% MP).]
[You occasionally shout uncontrollably at your foes.]
[You are very weak. (Str -4)]
[You expend magic power (3 MP) to strengthen your wands.]


Message History

ATTACK MOVE TO (-1,1)
You slice the raiju!! You burn the raiju.
The raiju is almost dead.
You hit the wretched star.
The wretched star is moderately damaged.
The raiju bursts into living lightning!
The living lightning hits you!
The raiju blinks!
ATTACK MOVE TO (0,1)
You slash the wretched star! You burn the wretched star.
The wretched star is heavily damaged.
The wretched star pulses with an eldritch light!
Your vision blurs.
You feel less energetic.
You feel your magical essence link to your wands.
The raiju twists and deforms.
ATTACK MOVE TO (0,1)
You slash the wretched star! You burn the wretched star.
The wretched star is severely damaged.
The wretched star glows turbulently.
The orb of energy hits you!
You die...

.# . # #. .
.######### .##
#.........#
#...
#.....h#..#
....#..#......#
#....g.......
...##..*.......
#...........
##..........
####..####.
##.. ##.
##...## ##.#..#
#...#.#


You could see a wretched star and a raiju.

Table legend:
 A = Turns spent in this place as a percentage of turns spent in the entire game.
 B = Non-inter-level travel turns spent in this place as a percentage of non-inter-level travel turns spent in the entire game.
 C = Inter-level travel turns spent in this place as a percentage of turns spent in this place.
 D = Turns resting spent in this place as a percentage of non-inter-level travel turns spent in this place.
 E = Turns spent auto-exploring this place as a percentage of non-inter-level travel turns spent in this place.
 F = Non-inter-level travel turns spent in this place divided by the number of levels of this place that you've seen.
                   A       B       C       D       E      F
               +-------+-------+-------+-------+-------+----------------------
         Total | 100.0 | 100.0 |   0.4 |   0.0 |   2.5 | 1504.2
       Dungeon |  91.2 |  91.1 |   0.4 |   0.1 |   2.5 | 1675.7
         Abyss |   6.6 |   6.6 |   0.0 |   0.0 |   1.4 | 1100.0
         Sewer |   2.2 |   2.2 |   0.0 |   0.0 |   3.3 | 365.0
               +-------+-------+-------+-------+-------+----------------------

Table legend:
 A = Kills in this place as a percentage of kills in entire the game.
 B = Kills by you in this place as a percentage of kills by you in the entire game.
 C = Kills by friends in this place as a percentage of kills by friends in the entire game.
 D = Other kills in this place as a percentage of other kills in the entire game.
 E = Experience gained in this place as a percentage of experience gained in the entire game.
 F = Experience gained in this place divided by the number of levels of this place that you have seen.
                   A       B       C       D       E      F
               +-------+-------+-------+-------+-------+----------------------
         Total | 100.0 | 100.0 | 100.0 |  -nan | 100.0 | 1720.7
       Dungeon |  94.0 |  93.3 | 100.0 |  -nan |  58.4 | 1228.7
         Abyss |   3.6 |   4.0 |   0.0 |  -nan |  40.8 | 7728.0
         Sewer |   2.4 |   2.7 |   0.0 |  -nan |   0.8 | 142.0
               +-------+-------+-------+-------+-------+----------------------

Vanquished Creatures
  A tentacled monstrosity (Abyss:1)
  A tentacled starspawn (Abyss:1)
  A mottled draconian (Abyss:1)
  A hydra (D:8)
  Erica (D:9)
  The ghost of gw the Slicer, a novice DDAs of Trog (D:9)
  Pikel (D:5)
  Joseph (D:9)
  A smoke demon (Abyss:1)
  2 trolls
  Grinder (D:6)
  2 small abominations (Abyss:1)
  A trapdoor spider zombie (D:9)
  A fire giant simulacrum (Abyss:1)
  2 yaks (D:8)
  A neqoxec (Abyss:1)
  4 orc warriors
  Purgy (Sewer)
  A sky beast (D:6)
  A black bear (D:6)
  2 phantoms
  3 ogres (D:9)
  5 big kobolds
  Blork the orc (D:5)
  8 giant frogs
  3 centaurs
  A gnoll sergeant (D:9)
  A scorpion (D:9)
  A vampire bat (D:5)
  11 wights
  A crimson imp (D:5)
  2 orc priests
  3 hounds
  6 orc wizards
  A giant frog skeleton (D:9)
  An iron imp (Abyss:1)
  Jessica (D:3)
  Natasha (twice) (D:3)
  3 iguanas
  9 worker ants
  2 sheep (D:8)
  A killer bee zombie (D:9)
  A hound zombie (D:9)
  A mummy (D:5)
  A worker ant zombie (D:9)
  Robin (D:3)
  5 gnolls
  2 shadow imps
  9 bats (D:5)
  10 adders
  3 adder skeletons
  4 giant geckos
  35 orcs
  2 spectral bats (D:5)
  3 bat skeletons (D:5)
  A bat zombie (D:5)
  3 fire bats (D:5)
  10 hobgoblins
  3 jackals
  7 kobolds
  A bat simulacrum (D:5)
  2 giant cockroaches
  A giant gecko zombie (D:6)
  A giant newt (D:4)
  13 goblins
  A jackal skeleton (D:5)
  3 quokkas
  2 quokka skeletons
  4 rats
223 creatures vanquished.

Vanquished Creatures (collateral kills)
  2 worms (D:2)
  2 giant geckos (D:1)
  A ball python (D:1)
  2 giant cockroaches (D:1)
  3 hobgoblins
  3 kobolds
  2 bats
  2 giant newts (D:2)
  3 goblins
  A jackal (D:2)
  4 rats
25 creatures vanquished.

Vanquished Creatures (others)
  2 starspawn tentacles (Abyss:1)
  28 starspawn tentacle segments (Abyss:1)
30 creatures vanquished.

Grand Total: 278 creatures vanquished

Notes
Turn   | Place    | Note
--------------------------------------------------------------
     0 | D:1      | gw the Deep Dwarf Summoner began the quest for the Orb.
     0 | D:1      | Reached XP level 1. HP: 15/15 MP: 3/3
   190 | D:1      | Reached skill level 1 in Evocations
   305 | D:1      | Reached XP level 2. HP: 12/24 MP: 0/4
   484 | D:1      | Reached skill level 1 in Armour
   676 | D:2      | Found a glowing golden altar of the Shining One.
   886 | D:2      | Reached skill level 1 in Fighting
  1066 | D:2      | Reached XP level 3. HP: 29/31 MP: 0/5
  1109 | D:2      | Found a snail-covered altar of Cheibriados.
  1113 | D:2      | Became a worshipper of Cheibriados the Contemplative
  1114 | D:2      | Fell from the grace of Cheibriados
  1183 | D:2      | Became a worshipper of the Shining One
  1666 | D:3      | Noticed Natasha
  1695 | D:3      | Killed Natasha
  1695 | D:3      | Reached skill level 1 in Axes
  1695 | D:3      | Reached skill level 1 in Invocations
  1720 | D:3      | Noticed Natasha
  1741 | D:3      | Killed Natasha
  1741 | D:3      | Reached XP level 4. HP: 23/38 MP: 6/6
  1812 | D:3      | Noticed Jessica
  1822 | D:3      | Killed Jessica
  1849 | D:3      | Noticed Robin
  1862 | D:3      | Killed Robin
  1962 | D:3      | Found a glowing drain.
  1983 | D:3      | Reached XP level 5. HP: 23/45 MP: 6/6
  1995 | Sewer    | Entered a sewer
  2007 | Sewer    | Reached * piety under the Shining One
  2132 | Sewer    | Noticed Purgy
  2142 | Sewer    | Killed Purgy
  2145 | Sewer    | Gained mutation: Your flesh is cold resistant. [potion of mutation]
  2145 | Sewer    | Gained mutation: You have sharp toenails. [potion of mutation]
  2259 | D:4      | Found a blossoming altar of Fedhas.
  2291 | D:4      | Reached XP level 6. HP: 41/55 MP: 7/7
  2331 | D:4      | Reached skill level 4 in Axes
  2456 | D:4      | Got an ichor-stained cloak
  2539 | D:4      | Got an ichor-stained hand axe
  2770 | D:5      | Entered Level 5 of the Dungeon
  2806 | D:5      | Found a staircase to the Ecumenical Temple.
  2832 | D:5      | Reached ** piety under the Shining One
  2909 | D:5      | Reached XP level 7. HP: 37/62 MP: 8/8
  2947 | D:5      | Reached skill level 5 in Axes
  3109 | D:5      | Noticed Blork the orc
  3122 | D:5      | Killed Blork the orc
  3212 | D:5      | Noticed Pikel
  3241 | D:5      | Killed Pikel
  3241 | D:5      | Reached skill level 6 in Axes
  3241 | D:5      | Reached XP level 8. HP: 62/72 MP: 7/9
  3526 | D:5      | Identified a scroll of acquirement
  3529 | D:5      | Lost mutation: You have sharp toenails. [potion of cure mutation]
  3529 | D:5      | Lost mutation: Your flesh is cold resistant. [potion of cure mutation]
  3533 | D:6      | Found Sawog's Magic Scroll Shop.
  3554 | D:6      | Reached *** piety under the Shining One
  3554 | D:6      | Reached skill level 5 in Invocations
  3610 | D:6      | Reached skill level 7 in Axes
  3700 | D:6      | Was forgiven by Cheibriados
  3704 | D:6      | Reached skill level 5 in Armour
  3709 | D:6      | Noticed Grinder
  3747 | D:6      | Killed Grinder
  3747 | D:6      | Reached skill level 8 in Axes
  3777 | D:6      | Noticed a troll
  3779 | D:6      | Gained mutation: You passively map the area around you. [Deep Dwarf growth]
  3779 | D:6      | Reached XP level 9. HP: 69/79 MP: 10/10
  3814 | D:6      | Killed a troll
  4076 | D:6      | Found Vuett's Antique Weapon Boutique.
  4084 | D:6      | Reached skill level 5 in Fighting
  4091 | D:6      | Found Bareps's Distillery.
  4173 | D:6      | Found a stormy altar of Qazlal.
  4252 | D:6      | Found a stormy altar of Qazlal.
  4794 | D:7      | Reached skill level 9 in Axes
  5807 | D:8      | Noticed a two-headed hydra
  5810 | D:8      | Killed a one-headed hydra
  5810 | D:8      | Reached skill level 10 in Axes
  5810 | D:8      | Reached XP level 10. HP: 52/91 MP: 7/9
  6185 | D:8      | Found a blossoming altar of Fedhas.
  6474 | D:9      | Noticed Erica
  6491 | D:9      | Killed Erica
  6525 | D:9      | Found a burning altar of Makhleb.
  6597 | D:9      | Reached **** piety under the Shining One
  6617 | D:9      | Found a staircase to the Orcish Mines.
  6673 | D:9      | Noticed gw's ghost (novice DDAs)
  6719 | D:9      | Killed gw's ghost
  6719 | D:9      | Reached skill level 11 in Axes
  6719 | D:9      | Reached skill level 1 in Crossbows
  6812 | D:9      | Noticed Joseph
  6826 | D:9      | Killed Joseph
  7137 | D:9      | Reached XP level 11. HP: 64/99 MP: 2/9
  7333 | D:9      | Cast into the Abyss (gnoll sergeant)
  7374 | Abyss:1  | Noticed a tentacled monstrosity
  7404 | Abyss:1  | Killed a tentacled monstrosity
  7467 | Abyss:1  | Noticed a tentacled starspawn
  7482 | Abyss:1  | Killed a tentacled starspawn
  7482 | Abyss:1  | Reached skill level 12 in Axes
  7482 | Abyss:1  | Reached skill level 10 in Invocations
  7541 | Abyss:1  | Noticed a mottled draconian
  7601 | Abyss:1  | Killed a mottled draconian
  7650 | Abyss:1  | Noticed a wretched star
  7669 | Abyss:1  | Killed from afar by a wretched star

Action                   |  1- 3 |  4- 6 |  7- 9 | 10-12 || total
-------------------------+-------+-------+-------+-------++-------
Melee: Short sword       |    33 |       |       |       ||    33
       War axe           |    31 |   147 |   377 |   211 ||   766
       Broad axe         |       |       |       |    88 ||    88
 Fire: Hand crossbow     |       |       |       |     5 ||     5
 Cast: Summon Small Mamm |    77 |       |       |       ||    77
Invok: Renounce Religion |     1 |       |       |       ||     1
       Divine Shield     |       |       |       |     7 ||     7
 Abil: Device Recharging |       |     1 |     6 |     9 ||    16
Evoke: Wand              |     4 |     2 |    23 |    43 ||    72
  Use: Scroll            |     5 |     6 |     6 |     7 ||    24
       Potion            |     5 |     2 |     4 |     4 ||    15
 Stab: Sleeping          |     1 |       |       |       ||     1
  Eat: Chunk             |     5 |     5 |    11 |     5 ||    26
       Bread ration      |       |       |       |     1 ||     1

Vault maps used:
D:1:      minmay_arrival_hallway, minmay_gold_behind_fungi, grunt_decor_cap
D:2:      lemuel_upstairs_altar, nicolae_overflow_crystal_walls,
          lemuel_crystal_altar
D:3:      minmay_goblin_kobold_castle, serial_corexii_hall,
          corexii_hall_statues_i, corexii_hall_statues_l,
          corexii_hall_statues_l, portal_sewer_entry_d, nemelex_deck,
          uniq_natasha, uniq_robin, uniq_sigmund, uniq_jessica
D:4:      old_standard_altar, serial_glass, glass_columns_a, glass_columns_a,
          glass_columns_b, glass_columns_a, glass_columns_a, glass_columns_b,
          glass_columns_b, glass_columns_b, glass_columns_a, glass_columns_a,
          glass_columns_b, glass_columns_c, glass_columns_a, glass_columns_c
D:5:      temple_pool_b, gup_ossuary_entry_pyramid, first_bread, goddamned_bats,
          uniq_blork_the_orc, uniq_pikel
D:6:      wad_guarded_room, nicolae_qazlal_eye_of_the_storm, serial_shops, shop,
          nicolae_shop_behind_doors, shop, basic_altar, uniq_grinder
D:7:      kennysheep_windowed_goal
D:8:      hangedman_ranch, fedhas_bush_and_centaur_altar
D:9:      kennysheep_mini, kennysheep_orc_monster_closet_entryway, uniq_joseph,
          uniq_erica
Sewer:    kennysheep_door_sewer
